PBL
PARIS CUBS @ TROIS-RIVERES AIGLES
09/05/2044
 
TOP OF THE 1ST
Paris Cubs batting - Pitching for Trois-Riveres Aigles : RHP Julian Black
Pitching: RHP Julian Black
Batting: RHB Khalil Stephens 0-0: Called Strike
0-1: Ball
1-1: Ball
2-1: Swinging Strike
2-2: Strikes out swinging
Batting: RHB Puluke Konane 0-0: Ball
1-0: Called Strike
1-1: Swinging Strike
1-2: Ball
2-2: Fly out, F8 (Flyball, 8RM, EV 81.3 MPH)
Batting: RHB Brad Santanello 0-0: Called Strike
0-1: Ball
1-1: SINGLE (Groundball, 6D, EV 105.0 MPH)
Batting: LHB Emir Jalil 0-0: Swinging Strike
0-1: Ball
1-1: Swinging Strike
1-2: Foul Ball, location: 2F
1-2: SINGLE (Flyball, 8LS, EV 95.0 MPH)
Brad Santanello to second
Batting: RHB Ricardo Aguinaga 0-0: Swinging Strike
0-1: Called Strike
0-2: Ball
1-2: Foul Ball, location: 2F
1-2: Ball
2-2: Foul Ball, location: 2F
2-2: Ball
3-2: Strikes out swinging
Top of the 1st over - 0 runs, 2 hits, 0 errors, 2 left on base; Paris 0 - Trois-Riveres 0
BOTTOM OF THE 1ST
Trois-Riveres Aigles batting - Pitching for Paris Cubs : RHP Nicolai Volnov
Pitching: RHP Nicolai Volnov
Batting: LHB Jonathan Spino 0-0: Ball
1-0: Foul Ball, location: 2F
1-1: Foul Ball, location: 2F
1-2: Strikes out swinging
Batting: LHB Harris Vink 0-0: Fly out, F5 (Popup, 5, EV 79.4 MPH)
Batting: RHB Sesto Carpini 0-0: Ball
1-0: Called Strike
1-1: Called Strike
1-2: Ball
2-2: Ball
3-2: Strikes out swinging
Bottom of the 1st over - 0 runs, 0 hits, 0 errors, 0 left on base; Paris 0 - Trois-Riveres 0
TOP OF THE 2ND
Paris Cubs batting - Pitching for Trois-Riveres Aigles : RHP Julian Black
Batting: RHB Josh Burns 0-0: Swinging Strike
0-1: Foul Ball, location: 2F
0-2: Strikes out looking
Batting: LHB Hiroki Yamamoto 0-0: Called Strike
0-1: Swinging Strike
0-2: Ground out 4-3 (Groundball, 4, EV 90.0 MPH)
Batting: RHB Alvaro Romero 0-0: Fly out, F7 (Flyball, 7S, EV 91.3 MPH)
Top of the 2nd over - 0 runs, 0 hits, 0 errors, 0 left on base; Paris 0 - Trois-Riveres 0
BOTTOM OF THE 2ND
Trois-Riveres Aigles batting - Pitching for Paris Cubs : RHP Nicolai Volnov
Batting: RHB Jose Arriola 0-0: Ball
1-0: Ball
2-0: Ground out 5-3 (Groundball, 56S, EV 86.3 MPH)
Batting: RHB Dave Galloway 0-0: Foul Ball, location: 2F
0-1: Swinging Strike
0-2: Ground out 5-3 (Groundball, 56, EV 87.5 MPH)
Batting: SHB Joshua Jackson 0-0: Called Strike
0-1: Ball
1-1: Swinging Strike
1-2: Ball
2-2: Strikes out swinging
Bottom of the 2nd over - 0 runs, 0 hits, 0 errors, 0 left on base; Paris 0 - Trois-Riveres 0
TOP OF THE 3RD
Paris Cubs batting - Pitching for Trois-Riveres Aigles : RHP Julian Black
Batting: RHB T.J. Garrison 0-0: Called Strike
0-1: Ball
1-1: Foul Ball, location: 2F
1-2: Foul Ball, location: 2F
1-2: Ball
2-2: Ball
3-2: Base on Balls
Batting: RHB Khalil Stephens 0-0: Ball
1-0: Called Strike
1-1: Swinging Strike
1-2: Ball
2-2: Foul Ball, location: 2F
2-2: SINGLE (Groundball, 5S, EV 73.8 MPH) (infield hit)
T.J. Garrison to second
Batting: RHB Puluke Konane 0-0: Called Strike
0-1: Swinging Strike
0-2: Ball
1-2: Strikes out swinging
Batting: RHB Brad Santanello 0-0: Called Strike
0-1: DOUBLE (Line Drive, 5D, EV 95.0 MPH)
T.J. Garrison scores
Khalil Stephens to third
Batting: LHB Emir Jalil 0-0: Ball
1-0: Swinging Strike
1-1: Ground out 6-3 (Groundball, 6, EV 83.8 MPH)
Khalil Stephens scores
Batting: RHB Ricardo Aguinaga 0-0: Called Strike
0-1: Foul Ball, location: 2F
0-2: Ball
1-2: Ball
2-2: Foul Ball, location: 2F
2-2: Fly out, F8 (Flyball, 78D, EV 99.4 MPH)
Top of the 3rd over - 2 runs, 2 hits, 0 errors, 1 left on base; Paris 2 - Trois-Riveres 0
BOTTOM OF THE 3RD
Trois-Riveres Aigles batting - Pitching for Paris Cubs : RHP Nicolai Volnov
Batting: RHB Nelle Lommen 0-0: Called Strike
0-1: Ball
1-1: Foul Ball, location: 2F
1-2: Ball
2-2: Ground out 6-3 (Groundball, 6, EV 84.4 MPH)
Batting: RHB Jason Penfield 0-0: Ball
1-0: Ball
2-0: Swinging Strike
2-1: Ball
3-1: Base on Balls
Batting: RHB Josh Harmon 0-0: Ball
1-0: Foul Ball, location: 2F
1-1: DOUBLE (Line Drive, 8RD, EV 101.9 MPH)
Jason Penfield to third
Batting: LHB Jonathan Spino 0-0: Ball
1-0: Fly out, F7 (Flyball, 78D, EV 107.5 MPH)
Runner from 3rd tags up, SCORES, throw by LF
Batting: LHB Harris Vink 0-0: Ball
1-0: Foul Ball, location: 2F
1-1: Ball
2-1: Foul Ball, location: 2F
2-2: Strikes out swinging
Bottom of the 3rd over - 1 run, 1 hit, 0 errors, 1 left on base; Paris 2 - Trois-Riveres 1
TOP OF THE 4TH
Paris Cubs batting - Pitching for Trois-Riveres Aigles : RHP Julian Black
Batting: RHB Josh Burns 0-0: Ball
1-0: Foul Ball, location: 2F
1-1: Swinging Strike
1-2: DOUBLE (Line Drive, 8LD, EV 103.1 MPH) - OUT at third base trying to stretch hit.
Batting: LHB Hiroki Yamamoto 0-0: Bunted foul
0-1: Foul Ball, location: 2F
0-2: Strikes out swinging
Batting: RHB Alvaro Romero 0-0: Swinging Strike
0-1: Ball
1-1: Ball
2-1: Called Strike
2-2: Strikes out swinging
Top of the 4th over - 0 runs, 1 hit, 0 errors, 0 left on base; Paris 2 - Trois-Riveres 1
BOTTOM OF THE 4TH
Trois-Riveres Aigles batting - Pitching for Paris Cubs : RHP Nicolai Volnov
Batting: RHB Sesto Carpini 0-0: Ball
1-0: Ball
2-0: Called Strike
2-1: Swinging Strike
2-2: Ball
3-2: Foul Ball, location: 2F
3-2: Strikes out swinging
Batting: RHB Jose Arriola 0-0: Ball
1-0: Ball
2-0: DOUBLE (Line Drive, 7LM, EV 98.8 MPH)
Batting: RHB Dave Galloway 0-0: Fly out, F9 (Flyball, 9, EV 93.1 MPH)
Batting: SHB Joshua Jackson 0-0: Called Strike
0-1: Ball
1-1: Swinging Strike
1-2: Strikes out swinging
Bottom of the 4th over - 0 runs, 1 hit, 0 errors, 1 left on base; Paris 2 - Trois-Riveres 1
TOP OF THE 5TH
Paris Cubs batting - Pitching for Trois-Riveres Aigles : RHP Julian Black
Batting: RHB T.J. Garrison 0-0: Foul Ball, location: 2F
0-1: Ball
1-1: Called Strike
1-2: Ball
2-2: Ball
3-2: Base on Balls
Batting: RHB Khalil Stephens 0-0: Fielders Choice at 2nd, 5-4 (Groundball, 5L, EV 82.5 MPH)
Batting: RHB Puluke Konane 0-0: Ball
1-0: SINGLE (Line Drive, 8LS, EV 102.5 MPH)
Khalil Stephens to second
Batting: RHB Brad Santanello 0-0: DOUBLE (Line Drive, 78XD, EV 108.8 MPH)
Khalil Stephens scores
Puluke Konane to third
Batting: LHB Emir Jalil 0-0: Ball
1-0: Foul Ball, location: 2F
1-1: Ball
2-1: Ball
3-1: Foul Ball, location: 2F
3-2: Base on Balls
Batting: RHB Ricardo Aguinaga 0-0: Ball
1-0: Swinging Strike
1-1: Ball
2-1: Ball
3-1: Foul Ball, location: 2F
3-2: Foul Ball, location: 2F
3-2: Foul Ball, location: 2F
3-2: Foul Ball, location: 2F
3-2: Foul Ball, location: 2F
3-2: Foul Ball, location: 2F
3-2: Base on Balls
Puluke Konane scores
Brad Santanello to third
Emir Jalil to second
Batting: RHB Josh Burns 0-0: Called Strike
0-1: Called Strike
0-2: Strikes out looking
Batting: LHB Hiroki Yamamoto 0-0: Swinging Strike
0-1: Ball
1-1: Called Strike
1-2: Strikes out swinging
Top of the 5th over - 2 runs, 2 hits, 0 errors, 3 left on base; Paris 4 - Trois-Riveres 1
BOTTOM OF THE 5TH
Trois-Riveres Aigles batting - Pitching for Paris Cubs : RHP Nicolai Volnov
Batting: RHB Nelle Lommen 0-0: Called Strike
0-1: Ball
1-1: Ground out U3 (Groundball, 23, EV 83.8 MPH)
Batting: RHB Jason Penfield 0-0: Ball
1-0: Called Strike
1-1: Ground out 5-3 (Groundball, 5, EV 103.8 MPH)
Batting: RHB Josh Harmon 0-0: Ball
1-0: Called Strike
1-1: Hit by Pitch
Batting: LHB Jonathan Spino 0-0: Ball
1-0: Called Strike
1-1: Ball
2-1: SINGLE (Groundball, 4MD, EV 95.6 MPH)
Josh Harmon to second
Runner from 2nd tries for 3rd, OUT! 8-5
Bottom of the 5th over - 0 runs, 1 hit, 0 errors, 1 left on base; Paris 4 - Trois-Riveres 1
TOP OF THE 6TH
Paris Cubs batting - Pitching for Trois-Riveres Aigles : RHP Julian Black
Batting: RHB Alvaro Romero 0-0: Ball
1-0: Called Strike
1-1: Called Strike
1-2: Strikes out swinging
Batting: RHB T.J. Garrison 0-0: SINGLE (Flyball, 8LS, EV 96.3 MPH)
Pitching: RHP David Hardy
Batting: RHB Khalil Stephens 0-0: Called Strike
0-1: Swinging Strike
0-2: Foul Ball, location: 2F
0-2: Ball
1-2: Ball
2-2: Strikes out swinging
Batting: RHB Puluke Konane 0-0: SINGLE (Line Drive, 89S, EV 99.4 MPH)
T.J. Garrison to second
Runner from 2nd tries for 3rd, SAFE, no throw by RF
Batting: RHB Brad Santanello 0-0: Foul Ball, location: 2F
0-1: Called Strike
0-2: Ball
1-2: SINGLE (Line Drive, 89S, EV 95.0 MPH)
T.J. Garrison scores
Puluke Konane to second
Runner from 2nd tries for 3rd, SAFE, throw by RF made to third
Batting: LHB Emir Jalil 0-0: Ball
1-0: Swinging Strike
1-1: Swinging Strike
1-2: Strikes out swinging
Top of the 6th over - 1 run, 3 hits, 0 errors, 2 left on base; Paris 5 - Trois-Riveres 1
BOTTOM OF THE 6TH
Trois-Riveres Aigles batting - Pitching for Paris Cubs : RHP Nicolai Volnov
Batting: LHB Harris Vink 0-0: Ball
1-0: Ball
2-0: Called Strike
2-1: Foul Ball, location: 2F
2-2: Fly out, F7 (Flyball, 78XD, EV 103.1 MPH)
Batting: RHB Sesto Carpini 0-0: Foul Ball, location: 2F
0-1: Swinging Strike
0-2: Ball
1-2: Foul Ball, location: 2F
1-2: Ball
2-2: Ball
3-2: Ground out 6-3 (Groundball, 6D, EV 83.1 MPH)
Batting: RHB Jose Arriola 0-0: Ball
1-0: Swinging Strike
1-1: Ball
2-1: Ball
3-1: Foul Ball, location: 2F
3-2: Strikes out swinging
Bottom of the 6th over - 0 runs, 0 hits, 0 errors, 0 left on base; Paris 5 - Trois-Riveres 1
TOP OF THE 7TH
Paris Cubs batting - Pitching for Trois-Riveres Aigles : RHP David Hardy
Pitching: RHP Eddie Aguirre
Batting: RHB Ricardo Aguinaga 0-0: Ball
1-0: Called Strike
1-1: Ball
2-1: Foul Ball, location: 2F
2-2: Ball
3-2: Strikes out swinging
Batting: RHB Josh Burns 0-0: Ball
1-0: Swinging Strike
1-1: Foul Ball, location: 2F
1-2: Foul Ball, location: 2F
1-2: Strikes out swinging
Batting: LHB Hiroki Yamamoto 0-0: Called Strike
0-1: Ball
1-1: Ball
2-1: Foul Ball, location: 2F
2-2: Ball
3-2: Foul Ball, location: 2F
3-2: Base on Balls
Batting: RHB Alvaro Romero 0-0: Called Strike
0-1: Ball
1-1: Foul Ball, location: 2F
1-2: Strikes out swinging
Top of the 7th over - 0 runs, 0 hits, 0 errors, 1 left on base; Paris 5 - Trois-Riveres 1
BOTTOM OF THE 7TH
Trois-Riveres Aigles batting - Pitching for Paris Cubs : RHP Nicolai Volnov
Now in RF: Gilberto Alvarado
Batting: RHB Dave Galloway 0-0: Fly out, F3 (Popup, 3S, EV 68.8 MPH)
Batting: SHB Joshua Jackson 0-0: Ball
1-0: Ball
2-0: Foul Ball, location: 2F
2-1: Foul Ball, location: 2F
2-2: Ball
3-2: Strikes out swinging, 2-3 out at first.
Batting: RHB Nelle Lommen 0-0: Fly out, F8 (Line Drive, 8RD, EV 90.6 MPH)
Bottom of the 7th over - 0 runs, 0 hits, 0 errors, 0 left on base; Paris 5 - Trois-Riveres 1
TOP OF THE 8TH
Paris Cubs batting - Pitching for Trois-Riveres Aigles : RHP Eddie Aguirre
Pitching: LHP Micah Adams
Batting: RHB T.J. Garrison 0-0: Ground out 5-3 (Groundball, 56, EV 84.4 MPH)
Batting: RHB Khalil Stephens 0-0: Foul Ball, location: 2F
0-1: Fly out, F8 (Flyball, 8LM, EV 82.5 MPH)
Batting: RHB Puluke Konane 0-0: Called Strike
0-1: Ground out 6-3 (Groundball, 6, EV 81.3 MPH)
Top of the 8th over - 0 runs, 0 hits, 0 errors, 0 left on base; Paris 5 - Trois-Riveres 1
BOTTOM OF THE 8TH
Trois-Riveres Aigles batting - Pitching for Paris Cubs : RHP Nicolai Volnov
Batting: RHB Jason Penfield 0-0: Foul Ball, location: 2F
0-1: Called Strike
0-2: Ground out 5-3 (Groundball, 5, EV 86.9 MPH)
Batting: RHB Josh Harmon 0-0: Ball
1-0: Ball
2-0: Ball
3-0: Fly out, F9 (Line Drive, 9, EV 91.9 MPH)
Batting: LHB Jonathan Spino 0-0: Foul Ball, location: 2F
0-1: Swinging Strike
0-2: Ball
1-2: Ball
2-2: Strikes out looking
Bottom of the 8th over - 0 runs, 0 hits, 0 errors, 0 left on base; Paris 5 - Trois-Riveres 1
TOP OF THE 9TH
Paris Cubs batting - Pitching for Trois-Riveres Aigles : LHP Micah Adams
Pitching: LHP Dean Byrne
Batting: RHB Brad Santanello 0-0: Ball
1-0: Foul Ball, location: 2F
1-1: Ground out 5-3 (Groundball, 15, EV 85.6 MPH)
Batting: RHB Gilberto Alvarado 0-0: Foul Ball, location: 2F
0-1: Ball
1-1: Ground out 4-3 (Groundball, 4, EV 97.5 MPH)
Batting: RHB Ricardo Aguinaga 0-0: Ground out 4-3 (Groundball, 4, EV 106.3 MPH)
Top of the 9th over - 0 runs, 0 hits, 0 errors, 0 left on base; Paris 5 - Trois-Riveres 1
BOTTOM OF THE 9TH
Trois-Riveres Aigles batting - Pitching for Paris Cubs : RHP Nicolai Volnov
Batting: LHB Harris Vink 0-0: Called Strike
0-1: SINGLE (Flyball, 34D, EV 89.4 MPH)
Batting: RHB Sesto Carpini 0-0: Called Strike
0-1: Ball
1-1: Ball
2-1: Foul Ball, location: 2F
2-2: TRIPLE (Flyball, 78XD, EV 105.6 MPH)
Harris Vink scores
Batting: RHB Jose Arriola 0-0: Ball
1-0: Ground out 6-3 (Groundball, 6, EV 83.8 MPH)
Sesto Carpini scores
Pinch Hitting: SHB Ray Luna 0-0: Foul Ball, location: 2F
0-1: Called Strike
0-2: Ball
1-2: Ball
2-2: Fly out, F7 (Flyball, 78M, EV 88.8 MPH)
Pinch Hitting: RHB T.J. Spina 0-0: Swinging Strike
0-1: Swinging Strike
0-2: Ball
1-2: SINGLE (Groundball, 56D, EV 98.1 MPH)
Batting: RHB Nelle Lommen 0-0: Foul Ball, location: 2F
0-1: Foul Ball, location: 2F
0-2: Strikes out looking
Bottom of the 9th over - 2 runs, 3 hits, 0 errors, 1 left on base; Paris 5 - Trois-Riveres 3
Thursday, March 31st , 2022 - OOTP Baseball 22.12 Build 89